AoeStats
← jones3adz

MegaRandom

503261355Analyzed
1v1 RM · 10d ago on Aug 30, 2026· 50m 19s· 2 players
Game mode
Random Map
Map size
Tiny (2 player)
Population
200
Speed
Normal
Resources
Standard
Victory
Conquest
Starting age
Dark Age
Ending age
Imperial Age
RankedLock teamsTeams togetherTeam positionsShared explorationLock speedFull tech treeHidden civsTurbo modeCheats
Victory
Defeat
🇬🇧 Malay · United Kingdom
690
+17
🇨🇱 Romans · Chile
708
-17
jones3adz
10:31 Feudal Age
10:47 Double-Bit Axe
11:42 Wheelbarrow
16:37 Loom
20:48 Castle Age
21:27 Horse Collar
21:43 Gold Mining
23:50 Town Watch
29:06 Fletching
29:26 Forging
29:32 Squires
29:17 Arson
31:49 Arson
31:24 Pikeman
36:26 Imperial Age
39:31 Scale Barding Armor
40:02 Iron Casting
40:53 Elite Battle Elephant
44:03 Blast Furnace
45:22 Husbandry
Rareware
0:28 Loom
11:55 Feudal Age
16:48 Castle Age
17:55 Bloodlines
18:00 Double-Bit Axe
22:56 Wheelbarrow
22:05 Horse Collar
24:16 Hand Cart
26:25 Pikeman
27:15 Gold Mining
27:44 Man-at-Arms
28:55 Bow Saw
34:07 Imperial Age
31:32 Long Swordsman
33:05 Gold Shaft Mining
33:48 Forging
33:38 Scale Mail Armor
33:47 Scale Barding Armor
34:26 Legionary
39:59 Chain Mail Armor
40:20 Iron Casting
40:45 Halberdier
43:57 Ballistas
43:19 Elite Centurion
44:37 Murder Holes
Connection lost

Rejoining the realm…

Still unreachable

The connection could not be restored.

Session expired

The server has moved on; the page needs a fresh start.